 Dungeon Crawl Stone Soup version 0.21-a0-24-ga372141 (webtiles) character file.

5 Manul the Ducker (level 1, -1/11 HPs)
             Began as a Spriggan Abyssal Knight on May 25, 2017.
             Was a Follower of Lugonu.
             Slain by an unseen horror (12 damage)
             ... on level 2 of the Abyss.
             The game lasted 00:02:08 (455 turns).

Manul the Ducker (Spriggan Abyssal Knight)           Turns: 455, Time: 00:02:09

Health: -1/11      AC:  2    Str:  8    XL:     1   Next: 66%
Magic:  3/3        EV: 18    Int: 13    God:    Lugonu [*.....]
Gold:   144        SH:  0    Dex: 15    Spells: 0/0 levels left

rFire    . . .     SeeInvis +   a - +1 short sword
rCold    . . .     Gourm    .   (shield restricted)
rNeg     . . .     Faith    +   b - +0 robe
rPois    .         Spirit   .   (helmet restricted)
rElec    .         Reflect  .   (no cloak)
rCorr    .         Harm     .   (gloves unavailable)
MR       .....                  (boots unavailable)
Stlth    ++........             e - amulet of faith
Regen    0.1/turn               (no ring)
MPRegen  0.1/turn               (no ring)

@: very quick
A: unfitting armour, see invisible, herbivore 3, speed 3, screaming 1, slow
metabolism 2, [subdued magic 2]
a: Depart the Abyss, Renounce Religion


You were on level 2 of the Abyss.
You worshipped Lugonu.
Lugonu was aware of your devotion.
You were not hungry.

You visited 0 branches of the dungeon, and saw 0 of its levels.
You visited the Abyss 1 time.

You collected 144 gold pieces.

Inventory:

Hand Weapons
 a - a +1 short sword (weapon)
 i - a +0 quarterstaff
Armour
 b - a +0 robe (worn)
Jewellery
 e - an amulet of faith (around neck)
Potions
 d - a potion of lignification
 h - a potion of might {unknown}
Comestibles
 c - a bread ration
 g - a royal jelly


   Skills:
 + Level 2.7 Fighting
 - Level 2.1 Short Blades
 - Level 3.5 Dodging
 * Level 0.9 Stealth
 - Level 1.7 Invocations


You couldn't memorise any spells.
You didn't know any spells.

Dungeon Overview and Level Annotations

Branches:
Dungeon (0/15)

Altars:


Innate Abilities, Weirdness & Mutations

You are very small and have problems with some larger weapons.
You are too small for most types of armour.
You have supernaturally acute eyesight. (SInv)
You are a herbivore.
You cover ground extremely quickly.
You need consume almost no food.
You occasionally shout uncontrollably at your foes.
[Your spells are easier to cast, but less powerful.]


Message History

A ynoxinul comes into view.
The ynoxinul gestures.
A small abomination comes into view.
You shout at the small abomination!
You hear a roar!
A large abomination comes into view.
A golden dragon skeleton comes into view.
Okay, then.
As you read the scroll labeled GYBLIA COFIKH, it crumbles to dust.
You feel blessed for a moment.
It was a scroll of remove curse.
Found a plate armour.
An apocalypse crab comes into view.
The apocalypse crab moves out of view.
Found a smoky puce potion.
You shout at the unseen horror!
An unseen horror comes into view.
The unseen horror barely misses you. The unseen horror hits you!
Ouch! That really hurt!
You die...

## . # .#.## ..
..#.# ##.
##...##### ...
....#....# #...
##.....##!#
#...##.#........#
#.@x...#.## .
#...#....#.##.###
#.#..##....#
..... #
#........#..
####....## .# #
#####..# # ...
...#..# .# #
.#.#...##. .
..##..


You could see an unseen horror (invisible).

Vanquished Creatures
  An ufetubus (Abyss:2)
1 creature vanquished.

Notes
Turn   | Place    | Note
-------+----------+-------------------------------------------
     0 | Abyss:1  | Manul the Spriggan Abyssal Knight began the quest for the Orb.
     0 | Abyss:1  | Reached XP level 1. HP: 11/11 MP: 3/3
    41 | Abyss:1  | Noticed a tentacled starspawn
    73 | Abyss:1  | Noticed a neqoxec
    76 | Abyss:1  | Noticed a quasit
   114 | Abyss:1  | Noticed an apocalypse crab
   136 | Abyss:1  | Gained mutation: You occasionally shout uncontrollably at your foes. [a neqoxec]
   167 | Abyss:2  | Found a corrupted altar of Lugonu.
   257 | Abyss:2  | Noticed a chaos spawn
   271 | Abyss:2  | Noticed a wretched star
   296 | Abyss:2  | Noticed a neqoxec
   297 | Abyss:2  | Noticed a chaos spawn
   307 | Abyss:2  | Noticed a large abomination
   314 | Abyss:2  | Noticed a death drake
   366 | Abyss:2  | Noticed a large abomination
   375 | Abyss:2  | Noticed a wretched star
   389 | Abyss:2  | Noticed a ynoxinul
   398 | Abyss:2  | Noticed a small abomination
   404 | Abyss:2  | Noticed a large abomination
   408 | Abyss:2  | Noticed a golden dragon skeleton
   435 | Abyss:2  | Noticed an apocalypse crab
   451 | Abyss:2  | Noticed an unseen horror
   455 | Abyss:2  | Slain by an unseen horror

Vault maps used:
Abyss:1:  abyss_fake_exit

Action                   || total
-------------------------++-------
Melee: Short sword       ||    12
  Use: Scroll            ||     2
       Potion            ||     1
Armor: Skin              ||    24
Dodge: Dodged            ||    20
